 Dungeon Crawl Stone Soup version 0.31-a0-692-gf03d1854d5 (webtiles) character file.

Game seed: 2295220545477470827

2992 qw the Skirmisher (level 9, -12/57 HPs)
             Began as a Gargoyle Hunter on Sept 6, 2023.
             Mangled by a two-headed ogre
             ... wielding a +0 giant spiked club
              (16 damage)
             ... on level 7 of the Dungeon.
             The game lasted 00:02:15 (5651 turns).

qw the Skirmisher (Gargoyle Hunter)                 Turns: 5651, Time: 00:02:16

Health: -12/57     AC: 15    Str: 16    XL:     9   Next: 83%
Magic:  9/9        EV: 13    Int:  9    God:
Gold:   376        SH:  0    Dex: 17    Spells: 8/8 levels left

rFire   + . .        g - +0 orcbow
rCold   . . .        (shield currently unavailable)
rNeg    + . .        b - +1 leather armour {Will+}
rPois   inf          (no helmet)
rElec   +            (no cloak)
rCorr   .            f - +0 pair of gloves
SInv    .            (no boots)
Will    +....        r - amulet of regeneration
Stlth   ++           l - +4 ring of protection
HPRegen 1.09/turn    k - ring of protection from fire
MPRegen 0.11/turn

%: no passive effects
@: about to teleport
A: sickness immunity, AC +6, negative energy resistance 1, electricity
resistance, torment resistance 1, petrification resistance
a: no special abilities


You were on level 7 of the Dungeon.
You visited 1 branch of the dungeon, and saw 8 of its levels.
You also visited: Ossuary.

You collected 376 gold pieces.


Innate Abilities, Weirdness & Mutations

You are immune to sickness and miasma.
Your stone body is resilient. (AC +6)
You are immune to poison.
You resist negative energy. (rN+)
You are resistant to electric shocks. (rElec)
You are resistant to unholy torment.
You are immune to petrification.


   Skills:
 + Level 7.2 Fighting
 - Level 11.7 Ranged Weapons
 - Level 1.9 Armour
 - Level 3.2 Dodging
 - Level 1.1 Stealth


You had 8 spell levels left.
You didn't know any spells.
Your spell library was empty.

Inventory:

Hand Weapons
 g - a +0 orcbow (weapon)
Armour
 b - a +1 leather armour of willpower (worn)
 f - a +0 pair of gloves (worn)
Jewellery
 k - a ring of protection from fire (right hand)
 l - a +4 ring of protection (left hand)
 m - a ring of positive energy
 r - an amulet of regeneration (around neck)
Scrolls
 a - a scroll of identify
 c - 2 scrolls of teleportation
Potions
 d - a potion of mutation
 e - a potion of might
 h - 3 potions of curing
 i - 3 potions of haste
 j - a potion of enlightenment
 p - a potion of invisibility {unknown}

Dungeon Overview and Level Annotations

Branches:
Dungeon (8/15)            Ossuary (visited)
 Temple: D:4-7         Lair: D:8-11

Altars:
Trog


Message History

The four-headed hydra is severely wounded.
You hear a shout!
The four-headed hydra bites you.
The four-headed hydra barely misses you.
The four-headed hydra bites you but does no damage.
The four-headed hydra closely misses you.
You shoot an arrow. The arrow hits the four-headed hydra.
The four-headed hydra is severely wounded.
The four-headed hydra barely misses you.
The four-headed hydra bites you but does no damage. x3
You shoot an arrow. The arrow hits the four-headed hydra!
The four-headed hydra is almost dead.
The four-headed hydra barely misses you.
The four-headed hydra closely misses you. x2
The four-headed hydra bites you.
You shoot an arrow. The arrow hits the four-headed hydra!
You kill the four-headed hydra!
Your Ranged Weapons skill increases to level 11!
You shoot an arrow. The arrow hits the two-headed ogre!
The two-headed ogre is lightly wounded.
The two-headed ogre barely misses you. The two-headed ogre closely misses you.
You shoot an arrow. The arrow hits the two-headed ogre!
The two-headed ogre is moderately wounded.
The two-headed ogre hits you with a +0 giant spiked club!
The two-headed ogre barely misses you.
5648 ||| READING 3 scrolls of teleportation.
As you read the scroll of teleportation, it crumbles to dust.
You feel strangely unstable.
You shoot an arrow.
The arrow barely misses the two-headed ogre.
You hear a bark!
You hear an angry growl.
The two-headed ogre hits you with a +0 giant spiked club!
The two-headed ogre completely misses you.
You shoot an arrow. The arrow hits the two-headed ogre!
The two-headed ogre is heavily wounded.
You shoot an arrow.
The arrow hits the two-headed ogre but does no damage.
The two-headed ogre is heavily wounded.
The two-headed ogre hits you with a +0 giant spiked club!
You die... 7.. #####+ 7.. ...J. #77.. co.H .?..
SoF

7.. Oo 7 7..#. .7
7/.O#####+..7
7...@.......7
7..........:7
777777.777777 7)7
##############.#######
#####.##.##...............
.........##.77777...77777.
#####.##.# 7.7.7
#.##.##.77777...77777.


You could see a two-headed ogre.

Vanquished Creatures
  A hydra (D:7)
  A hornet (D:8)
  A wraith (Ossuary)
  Eustachio (D:4)
  A water moccasin (D:7)
  An ice beast (D:7)
  An orc warrior (D:6)
  A sky beast (D:7)
  2 ogres
  2 black bears
  A centaur (D:7)
  A phantom (D:5)
  A kobold brigand (D:7)
  A bullfrog (D:6)
  A scorpion (D:5)
  A killer bee (D:7)
  A jelly (D:5)
  5 hounds
  An orc priest (D:5)
  4 iguanas
  3 sleepcaps
  Terence (D:2)
  7 orc wizards
  3 mummies (Ossuary)
  7 adders
  A shadow imp (D:6)
  A white imp (D:4)
  A worm (D:2)
  3 dart slugs
  23 orcs
  5 endoplasms
  A giant cockroach (D:1)
  5 hobgoblins
  4 jackals (D:3)
  2 quokkas
  5 ball pythons
  A bat (D:1)
  6 frilled lizards
  5 goblins
  A goblin zombie (Ossuary)
  5 hobgoblin zombies (Ossuary)
  13 kobolds
  2 kobold zombies (Ossuary)
  An orc zombie (Ossuary)
  4 rats
139 creatures vanquished.

Notes
Turn   | Place    | Note
-------+----------+-------------------------------------------
     0 | D:1      | qw the Gargoyle Hunter began the quest for the Orb.
     0 | D:1      | Reached XP level 1. HP: 12/12 MP: 1/1
     0 | D:1      | 0 ||| qw: Version: 0.3-a-76-g4403597
     0 | D:1      | 0 ||| qw: Game counter: 270
     0 | D:1      | 0 ||| qw: Melee chars always use a shield: true
     0 | D:1      | 0 ||| qw: God list: Okawaru
     0 | D:1      | 0 ||| qw: Allow faded altars: false
     0 | D:1      | 0 ||| qw: Do Orc after clearing Dungeon:15 true
     0 | D:1      | 0 ||| qw: Do second Lair branch before Depths: true
     0 | D:1      | 0 ||| qw: Lair rune preference: random
     0 | D:1      | 0 ||| qw: Goals: Normal
     0 | D:1      | 0 ||| PLANNING D:1-11
    37 | D:1      | 37 ||| Stepping ~*~*~tactically~*~*~ (retreating).
    38 | D:1      | 38 ||| Stepping ~*~*~tactically~*~*~ (retreating).
    51 | D:1      | Reached XP level 2. HP: 14/17 MP: 2/2
   373 | D:1      | Reached XP level 3. HP: 20/21 MP: 3/3
   553 | D:1      | 553 ||| UPGRADING to +0 ring mail.
   563 | D:1      | 563 ||| DROPPING +0 leather armour.
   564 | D:1      | 564 ||| UPGRADING to +0 pair of gloves.
   569 | D:1      | 569 ||| READING scroll labelled BIMMURPHETS.
   570 | D:1      | 570 ||| READING scroll labelled DELLIE USMALIE.
   586 | D:1      | 586 ||| DROPPING scroll of butterflies.
   624 | D:2      | Noticed Terence
   636 | D:2      | 636 ||| STAIRDANCE
   687 | D:2      | Killed Terence
   688 | D:2      | Reached skill level 1 in Armour
   769 | D:2      | Reached skill level 5 in Ranged Weapons
   769 | D:2      | Reached XP level 4. HP: 26/26 MP: 4/4
  1296 | D:2      | 1296 ||| READING scroll labelled ZYANIE MECEOR.
  1297 | D:2      | 1297 ||| DRINKING 2 cyan potions.
  1402 | D:2      | 1402 ||| DRINKING 2 clear potions.
  1403 | D:2      | 1403 ||| READING 2 scrolls of identify.
  1403 | D:2      | 1403 ||| IDENTIFYING emerald potion
  1404 | D:2      | 1404 ||| DROPPING potion of berserk rage.
  1532 | D:3      | Reached skill level 3 in Fighting
  1704 | D:3      | Identified the +4 scale mail "Keohahish" {MP+9}
  1716 | D:3      | Reached XP level 5. HP: 32/32 MP: 5/5
  1751 | D:3      | Found a bloodstained altar of Trog.
  1993 | D:3      | 1993 ||| READING 2 scrolls labelled DAT NIN KESHAS.
  1994 | D:3      | 1994 ||| READING scroll of enchant weapon.
  1994 | D:3      | 1994 ||| ENCHANTING +1 shortbow.
  1995 | D:3      | 1995 ||| READING 3 scrolls labelled RELOURR ROTE.
  2249 | D:4      | Noticed Eustachio
  2268 | D:4      | 2268 ||| Stepping ~*~*~tactically~*~*~ (retreating).
  2290 | D:4      | Killed Eustachio
  2291 | D:4      | Reached skill level 6 in Ranged Weapons
  2291 | D:4      | Reached XP level 6. HP: 37/37 MP: 6/6
  2954 | D:4      | 2954 ||| UPGRADING to +1 leather armour of willpower.
  2964 | D:4      | 2964 ||| DROPPING +0 ring mail.
  2965 | D:4      | 2965 ||| UPGRADING to +4 ring of protection.
  2966 | D:4      | 2966 ||| READING scroll labelled NOAPLA WECRE.
  2967 | D:4      | 2967 ||| READING scroll labelled PEFIBB ABBIBIESU.
  2968 | D:4      | 2968 ||| READING 3 scrolls of identify.
  2968 | D:4      | 2968 ||| IDENTIFYING green potion
  2969 | D:4      | 2969 ||| READING 2 scrolls of identify.
  2969 | D:4      | 2969 ||| IDENTIFYING fuming white potion
  2985 | D:5      | Entered Level 5 of the Dungeon
  2986 | D:5      | 2986 ||| PLANNING OSSUARY
  3057 | D:5      | Found a sand-covered staircase.
  3067 | Ossuary  | Entered an ossuary
  3067 | Ossuary  | Noticed a wraith
  3067 | Ossuary  | Noticed a wraith
  3067 | Ossuary  | Noticed a wraith
  3239 | Ossuary  | Noticed a wraith
  3248 | Ossuary  | Killed a wraith
  3249 | Ossuary  | Reached XP level 7. HP: 43/44 MP: 7/7
  3425 | Ossuary  | Reached skill level 7 in Ranged Weapons
  3583 | Ossuary  | 3583 ||| UPGRADING to amulet of the acrobat.
  3588 | Ossuary  | 3588 ||| UPGRADING to amulet of regeneration.
  3598 | Ossuary  | 3598 ||| DROPPING amulet of the acrobat.
  3599 | Ossuary  | 3599 ||| READING 2 scrolls labelled ZAIHEF GUZI.
  3700 | Ossuary  | 3700 ||| READING 2 scrolls labelled UVEOLI YSHRA.
  3701 | Ossuary  | 3701 ||| DRINKING 3 lumpy clear potions.
  3702 | Ossuary  | 3702 ||| DRINKING 2 inky potions.
  3703 | Ossuary  | 3703 ||| READING 3 scrolls of identify.
  3703 | Ossuary  | 3703 ||| IDENTIFYING ruby potion
  3704 | Ossuary  | 3704 ||| READING 2 scrolls of identify.
  3704 | Ossuary  | 3704 ||| IDENTIFYING sedimented clear potion
  3705 | Ossuary  | 3705 ||| DROPPING 2 potions of brilliance.
  3706 | Ossuary  | 3706 ||| DROPPING potion of ambrosia.
  3707 | Ossuary  | 3707 ||| DROPPING potion of attraction.
  3708 | Ossuary  | 3708 ||| DROPPING scroll of silence.
  3709 | Ossuary  | 3709 ||| DROPPING scroll of amnesia.
  3742 | D:5      | 3742 ||| PLANNING D:1-11
  3783 | D:5      | 3783 ||| Stepping ~*~*~tactically~*~*~ (outnumbered).
  3905 | D:5      | Reached skill level 8 in Ranged Weapons
  3921 | D:5      | Reached XP level 8. HP: 49/49 MP: 8/8
  4336 | D:5      | 4336 ||| UPGRADING to ring of protection from fire.
  4337 | D:5      | 4337 ||| READING scroll labelled REM MUJOPA.
  4393 | D:6      | HP: 7/49 [ogre/+0 giant club (19)]
  4394 | D:6      | Reached skill level 9 in Ranged Weapons
  4394 | D:6      | 4394 ||| READING 4 scrolls of teleportation.
  4395 | D:6      | 4395 ||| DRINKING potion of heal wounds.
  4555 | D:6      | Reached skill level 6 in Fighting
  4654 | D:6      | You fall into a shaft and drop 2 floors!
  4658 | D:8      | Noticed a hornet
  4667 | D:8      | Killed a hornet
  4794 | D:8      | 4794 ||| READING 2 scrolls labelled JEISHR NEOTHENA.
  4795 | D:8      | 4795 ||| READING scroll labelled QEAPNA KAJAAWNO.
  4796 | D:8      | 4796 ||| READING 2 scrolls of identify.
  4796 | D:8      | 4796 ||| IDENTIFYING black potion
  4797 | D:8      | 4797 ||| DROPPING scroll of noise.
  4887 | D:7      | Reached skill level 10 in Ranged Weapons
  4904 | D:7      | 4904 ||| Stepping ~*~*~tactically~*~*~ (outnumbered).
  4910 | D:7      | Reached XP level 9. HP: 55/55 MP: 9/9
  4910 | D:7      | 4910 ||| Stepping ~*~*~tactically~*~*~ (outnumbered).
  4930 | D:7      | Reached skill level 3 in Dodging
  5462 | D:7      | Noticed a gargoyle
  5465 | D:7      | 5465 ||| RETREATING.
  5480 | D:7      | HP: 5/57 [gargoyle/+0 flail (14)]
  5481 | D:7      | 5481 ||| READING 3 scrolls of teleportation.
  5625 | D:7      | 5625 ||| SWAPPING to +0 orcbow.
  5626 | D:7      | 5626 ||| DROPPING +2 shortbow of electrocution.
  5631 | D:7      | Noticed a two-headed ogre
  5631 | D:7      | Noticed a four-headed hydra
  5632 | D:7      | Noticed a manticore
  5632 | D:7      | 5632 ||| Stepping ~*~*~tactically~*~*~ (retreating).
  5645 | D:7      | Killed a four-headed hydra
  5646 | D:7      | Reached skill level 11 in Ranged Weapons
  5647 | D:7      | HP: 7/57 [two-headed ogre/+0 giant spiked club (14)]
  5648 | D:7      | 5648 ||| READING 3 scrolls of teleportation.
  5649 | D:7      | HP: 2/57 [two-headed ogre/+0 giant spiked club (7)]
  5651 | D:7      | Mangled by a two-headed ogre

Levels and vault maps discovered:
D:1:      dpeg_arrival_shrine, layout_rooms, minmay_octomino_j4
D:2:      layout_loops_cross, uniq_terence
D:3:      layout_basic, trog_three_pillars_becter, minmay_bisected
D:4:      layout_loops_corners, uniq_eustachio
D:5:      layout_basic, lightli_ossuary_entry_decrepit_ruins,
          serial_bayou_lagoon_a
D:6:      layout_basic, st_stairs_9, chequers_garden, amcnicky_mini_pool_small,
          grunt_ministairs_11
D:7:      nzn_winding_woodlands_cross
          [nzn_winding_woodlands_5x15_pathside_ponds,
          nzn_winding_woodlands_5x15_pockets,
          nzn_winding_woodlands_5x15_lazy_stream,
          nzn_winding_woodlands_5x15_concentric,
          nzn_winding_woodlands_15x15_killbox], layout_loops_ring,
          chequers_temple_overflow_statue_of_worship
D:8:      layout_cave_pods

Skill      XL: |  1  2  3  4  5  6  7  8  9 |
---------------+----------------------------+-----
Armour         | 1 |  1.9
Ranged Weapons | 5 6 8 10 11 | 11.7
Fighting       | 3 5 6 7 |  7.2
Dodging        | 2 3 |  3.2
Stealth        | |  1.1

Action                     |  1- 3 |  4- 6 |  7- 9 || total
---------------------------+-------+-------+-------++-------
   Fire: Shortbow          |    85 |   196 |   232 ||   513
         Orcbow            |       |       |    18 ||    18
    Use: Scroll            |     2 |     9 |    11 ||    22
         Potion            |       |     2 |     3 ||     5
 Armour: Leather armour    |    25 |     3 |    97 ||   125
         Ring mail         |     8 |   100 |       ||   108
  Dodge: Dodged            |    35 |    86 |    65 ||   186

Table legend:
 A = Non-vault XP
 B = Vault XP
 C = Vault XP percentage of total XP
 D = Non-vault monster count
 E = Vault monster count
 F = Vault count percentage of total count
                 A         B        C        D         E       F
            +---------+---------+-------+---------+---------+-------
      Total |    2439 |    1836 |  42.9 |     109 |      30 |  21.6
            +---------+---------+-------+---------+---------+-------
        D:1 |      28 |       7 |  20.0 |      18 |       4 |  18.2
        D:2 |      35 |      36 |  50.7 |      12 |       1 |   7.7
        D:3 |      82 |      14 |  14.6 |      12 |       2 |  14.3
        D:4 |      94 |     182 |  65.9 |      14 |       1 |   6.7
        D:5 |     731 |       0 |   0.0 |      24 |       0 |   0.0
        D:6 |     588 |     128 |  17.9 |      14 |       4 |  22.2
        D:7 |     537 |    1197 |  69.0 |      11 |       5 |  31.2
        D:8 |     344 |       0 |   0.0 |       4 |       0 |   0.0
    Ossuary |       0 |     272 | 100.0 |       0 |      13 | 100.0
            +---------+---------+-------+---------+---------+-------
